 Dungeon Crawl Stone Soup version 0.21.0-24-g2553a3340b (webtiles) character file.

133 Nivus the Covered (level 4, 0/40 HPs)
             Began as a Minotaur Fighter on Jan 22, 2018.
             Slain by an orc
             ... wielding a +0 mace
              (6 damage)
             ... on level 3 of the Dungeon.
             The game lasted 00:05:58 (1363 turns).

Nivus the Covered (Minotaur Fighter)                Turns: 1363, Time: 00:05:58

Health: 0/40       AC:  7    Str: 21    XL:     4   Next: 93%
Magic:  3/3        EV:  8    Int:  5    God:
Gold:   42         SH:  9    Dex: 10    Spells: 3/3 levels left

rFire    . . .     SeeInvis .   a - +0 war axe
rCold    . . .     Gourm    .   c - +0 shield
rNeg     . . .     Faith    .   b - +0 scale mail
rPois    .         Spirit   .   (helmet restricted)
rElec    .         Reflect  .   (no cloak)
rCorr    .         Harm     .   (no gloves)
MR       .....                  (no boots)
Stlth    ..........             (no amulet)
HPRegen  0.13/turn              (no ring)
MPRegen  0.08/turn              (no ring)

@: no status effects
A: retaliatory headbutt, horns 2
a: no special abilities


You were on level 3 of the Dungeon.
You were hungry.

You visited 1 branch of the dungeon, and saw 3 of its levels.

You collected 42 gold pieces.

Inventory:

Hand Weapons
 a - a +0 war axe (weapon)
 i - a +0 short sword
 o - a +0 flail
 y - a +0 hand axe
 z - a +0 whip
 C - a +0 falchion
 E - a +0 flail
 F - a +0 war axe
 G - a +0 hand axe
 H - a +0 flail
Missiles
 e - a poisoned needle
 h - 81 stones (quivered)
 p - 5 silver javelins
 w - 3 tomahawks of dispersal
 x - 6 tomahawks
Armour
 b - a +0 scale mail (worn)
 c - a +0 shield (worn)
 t - a cursed +0 ring mail
 v - a +0 robe
 A - a +0 leather armour
 D - a +0 leather armour
 I - a +0 scale mail
Scrolls
 j - 2 scrolls of enchant weapon {unknown}
 k - a scroll of magic mapping {unknown}
 m - 3 scrolls of remove curse {unknown}
 n - a scroll of immolation {unknown}
 r - 2 scrolls of identify {unknown}
Potions
 d - a potion of might
 g - a potion of magic {unknown}
 l - 2 potions of brilliance {unknown}
 q - a potion of haste {unknown}
 s - 2 potions of curing {unknown}
 u - a potion of ambrosia {unknown}
 J - a potion of resistance {unknown}
Books
 B - a book of Misfortune

   Spells                             Type                      Level
   a - Confusing Touch                Hexes                        1
   b - Confuse                        Hexes                        3
   c - Gell's Gravitas                Translocation                3
   d - Petrify                        Transmutation/Earth          4
   e - Metabolic Englaciation         Hexes/Ice                    5
   f - Yara's Violent Unravelling     Hexes/Transmutation          5
Comestibles
 f - 4 rations


   Skills:
 + Level 4.0 Fighting
 + Level 4.1 Axes
 + Level 4.4 Armour
 + Level 1.6 Dodging
 + Level 4.3 Shields


You had 3 spell levels left.
You didn't know any spells.

Dungeon Overview and Level Annotations

Branches:
Dungeon (3/15)

Altars:
Ashenzari
Nemelex Xobeh
Zin

Annotations:
D:2 Sigmund


Innate Abilities, Weirdness & Mutations

You reflexively headbutt those who attack you in melee.
You have a pair of horns on your head.


Message History

The bat closely misses you. The orc hits you with a mace!
* * * LOW HITPOINT WARNING * * *
You block the bat's attack.
You see here an orc corpse.
You block the bat's attack.
The orc rages.
The orc hits you with a mace.
* * * LOW HITPOINT WARNING * * *
You block the bat's attack.
You see here a frilled lizard corpse.
You slash the bat!
You kill the bat!
Your shield and scale mail prevent you from hitting the orc.
You block the orc's attack. x2; The adder barely misses you.
The orc barely misses you. The adder bites you.
* * * LOW HITPOINT WARNING * * *
The orc priest miscasts a cantrip.
You block the orc's attack. The orc hits you with a mace.
You die...

#.##.....###...<..#
#.###.....##......#
#.# ##....#########
#.# ##...# . #.#
##...## ..### #.##
#.....#### .....
#..###.##.....###.....
#.............#.....S.
#....@S..#......#.....
#.....oo.#.....##.....
#.....o..#††....#.....
#......†.†o...........
#......).†##...##.....
#.....†).####.####...>
#.....††##..#'#..##...
#....<..##.......# .#.
######.†.##.._..## #


You could see an orc priest, an adder and 3 orcs.

Vanquished Creatures
  An orc priest (D:3)
  A gnoll (D:1)
  2 adders
  An ooze (D:1)
  3 dart slugs
  A leopard gecko (D:2)
  12 orcs (D:3)
  A ball python (D:3)
  6 bats
  3 giant cockroaches
  2 hobgoblins
  2 jackals (D:2)
  2 kobolds (D:1)
  A quokka (D:3)
  6 frilled lizards
  3 goblins (D:1)
  5 rats
52 creatures vanquished.

Notes
Turn   | Place    | Note
-------+----------+-------------------------------------------
     0 | D:1      | Nivus the Minotaur Fighter began the quest for the Orb.
     0 | D:1      | Reached XP level 1. HP: 19/19 MP: 0/0
    82 | D:1      | Reached XP level 2. HP: 19/27 MP: 1/1
   246 | D:1      | Reached XP level 3. HP: 13/33 MP: 2/2
   730 | D:2      | Found a glowing silver altar of Zin.
   731 | D:2      | Noticed an angel
   897 | D:2      | Found a shattered altar of Ashenzari.
   909 | D:2      | Reached skill level 1 in Dodging
  1088 | D:2      | Noticed Sigmund
  1191 | D:3      | Reached XP level 4. HP: 31/40 MP: 3/3
  1338 | D:3      | Found a sparkling altar of Nemelex Xobeh.
  1363 | D:3      | Slain by an orc

Skill      XL: |  1  2  3  4 |
---------------+-------------+-----
Armour         | 4 |  4.4
Fighting       | 4 |  4.0
Shields        | 4 |  4.3
Axes           | 3 4 |  4.1
Dodging        | 1 |  1.6

Action                   |  1- 3 |  4- 6 || total
-------------------------+-------+-------++-------
Melee: War axe           |    71 |    38 ||   109
       Headbutt          |     6 |     7 ||    13
  Eat: Chunk             |       |     1 ||     1
Armor: Scale mail        |    40 |    30 ||    70
Dodge: Dodged            |    31 |    24 ||    55
Block: Shield            |    43 |    37 ||    80
